 Dungeon Sprint DCSS version 0.19-a0-713-g934ebc7 (webtiles) character file.

122 Groucho the Protected (level 4, -13/39 HPs)
             Began as a Minotaur Fighter on June 19, 2016.
             Was an Initiate of Qazlal.
             Mangled by a hill giant
             ... wielding a +0 giant club
              (24 damage)
             ... in the Dungeon (Sprint IX: "|||||||||||||||||||||||||||||").
             The game lasted 00:01:45 (254 turns).

Groucho the Protected (Minotaur Fighter)             Turns: 254, Time: 00:01:46

Health: -13/39     AC: 15    Str: 21    XL:     4   Next: 78%
Magic:  3/3        EV:  9    Int:  8    God:    Qazlal [......]
Gold:   0          SH: 11    Dex: 10    Spells: 0 memorised, 3 levels left

rFire  . . .     SeeInvis .     a - +0 trident
rCold  . . .     Gourm    .     r - +1 chain mail
rNeg   . . .     Faith    .     c - +0 shield
rPois  .         Spirit   .     (helmet restricted)
rElec  .         Dismiss  .     p - +0 cloak
rCorr  .         Reflect  .     q - +0 pair of gloves
SustAt .         Harm     .     (no boots)
MR     .....     NoTele   +     (no amulet)
Stlth  ..........               s - +2 ring of evasion
                                b - +3 ring of intelligence

@: very slightly contaminated, invisible, not resistant to hostile enchantments,
extremely unstealthy
A: retaliatory headbutt, horns 2
a: Renounce Religion


You were in the Dungeon.
You worshipped Qazlal.
Qazlal was noncommittal.
You were not hungry.

You visited 1 branch

Inventory:

Hand Weapons
 a - a +0 trident (weapon)
Armour
 c - a +0 shield (worn)
 p - a +0 cloak (worn)
 q - a +0 pair of gloves (worn)
 r - a +1 chain mail (worn)
Jewellery
 b - a +3 ring of intelligence (left hand)
 s - a +2 ring of evasion (right hand)
Wands
 o - a wand of lightning (7/15)
Scrolls
 k - 2 scrolls of blinking
 m - 3 scrolls of remove curse
 n - 2 scrolls of amnesia
Potions
 d - a potion of might
 e - 5 potions of curing
 h - a potion of haste
 i - 4 potions of magic
 j - a potion of berserk rage
 l - a potion of heal wounds
Comestibles
 f - a bread ration


   Skills:
 * Level 3.6 Fighting
 * Level 2.4 Polearms
 * Level 8.9 Armour
 * Level 8.9 Shields
 * Level 0.0 Invocations


You had 3 spell levels left.
You didn't know any spells.

Dungeon Overview and Level Annotations

Branches:
Dungeon (1/1)

Altars:
Cheibriados
Dithmenos
Elyvilon
Fedhas
Gozag
Hepliaklqana
Kikubaaqudgha
Makhleb
Nemelex Xobeh
Okawaru
Pakellas
Qazlal
Ru
Sif Muna
Trog
Uskayaw
Vehumet
Xom
Yredelemnul
Zin
The Shining One
Beogh
Jiyva
Lugonu


Innate Abilities, Weirdness & Mutations

You reflexively headbutt those who attack you in melee.
You have a pair of horns on your head.


Message History

The hill giant hits you but does no damage.
You hit the hill giant.
The hill giant is heavily wounded.
The hill giant barely misses you.
You hit the hill giant.
The hill giant is heavily wounded.
The hill giant hits you with a giant club.
You hit the hill giant.
The hill giant is heavily wounded.
The hill giant hits you with a giant club!
* * * LOW HITPOINT WARNING * * *
You hit the hill giant.
The hill giant is heavily wounded.
The hill giant barely misses you. You furiously retaliate!
You headbutt the hill giant, but do no damage.
You puncture the hill giant! You headbutt the hill giant!
The hill giant is almost dead.
The hill giant hits you with a giant club!!
Ouch! That really hurt!
You die... ▓▓▓▓▓▓▓▓▓▓▓▓▓▓▓▓▓▓▓▓▓▓▓▓ .ylyloC@.[..)|..'_______ ▓▓▓▓▓▓▓▓▓▓▓▓▓▓▓▓▓▓▓▓▓▓▓▓

You could see a hill giant, a wasp, a killer bee, an orc and 2 giant geckos.

Vanquished Creatures
  An ogre (D)
  A worker ant (D)
  A dart slug (D)
  2 bats (D)
  A bat zombie (D)
  2 giant cockroaches (D)
  A giant newt (D)
  A rat (D)
10 creatures vanquished.

Notes
Turn   | Place    | Note
--------------------------------------------------------------
     0 | D        | Groucho the Minotaur Fighter began the quest for the Orb.
     0 | D        | Reached XP level 1. HP: 19/19 MP: 0/0
    40 | D        | Noticed a worker ant
    40 | D        | Noticed an ogre
    41 | D        | Reached skill level 5 in Armour
    41 | D        | Reached skill level 5 in Shields
    41 | D        | Reached XP level 2. HP: 25/26 MP: 1/1
    46 | D        | Killed an ogre
    46 | D        | Reached XP level 3. HP: 31/31 MP: 2/2
    46 | D        | Reached XP level 4. HP: 39/39 MP: 3/3
   158 | D        | Found a glowing silver altar of Zin.
   158 | D        | Found a glowing golden altar of the Shining One.
   158 | D        | Found an ancient bone altar of Kikubaaqudgha.
   158 | D        | Found a basalt altar of Yredelemnul.
   158 | D        | Found a shimmering altar of Xom.
   158 | D        | Found a radiant altar of Vehumet.
   159 | D        | Found an iron altar of Okawaru.
   160 | D        | Found a burning altar of Makhleb.
   161 | D        | Found a deep blue altar of Sif Muna.
   162 | D        | Found a bloodstained altar of Trog.
   163 | D        | Found a sparkling altar of Nemelex Xobeh.
   164 | D        | Found a white marble altar of Elyvilon.
   165 | D        | Found a roughly hewn altar of Beogh.
   166 | D        | Found a viscous altar of Jiyva.
   167 | D        | Found a corrupted altar of Lugonu.
   168 | D        | Found a blossoming altar of Fedhas.
   169 | D        | Found a snail-covered altar of Cheibriados.
   170 | D        | Found a shadowy altar of Dithmenos.
   171 | D        | Found a stormy altar of Qazlal.
   172 | D        | Found an opulent altar of Gozag.
   173 | D        | Found a sacrificial altar of Ru.
   174 | D        | Found an oddly glowing altar of Pakellas.
   175 | D        | Found a hide-covered altar of Uskayaw.
   176 | D        | Found a hazy altar of Hepliaklqana.
   195 | D        | Became a worshipper of Qazlal Stormbringer
   243 | D        | Noticed a wasp
   243 | D        | Noticed a hill giant
   254 | D        | Mangled by a hill giant

Vault maps used:
D:        linesprint

Skill      XL: |  1  2 |
---------------+-------+-----
Armour         | 5 8 |  8.9
Shields        | 5 8 |  8.9
Fighting       | |  3.6
Polearms       | |  2.4

Action                   |  1- 3 |  4- 6 || total
-------------------------+-------+-------++-------
Melee: Trident           |    35 |    12 ||    47
       Headbutt          |     2 |     5 ||     7
  Use: Potion            |     1 |     2 ||     3
 Stab: Invisible         |       |     1 ||     1
Armor: Scale mail        |    22 |       ||    22
       Chain mail        |       |     2 ||     2
Dodge: Dodged            |    14 |     6 ||    20
Block: Shield            |    18 |     4 ||    22
